Map: Frozen Temple

Players

capac - Winner!

  • Race: Terran Terran
  • League: Gold

jteping

  • Race: Terran Terran
  • League: Gold

VOD

Have the link to the VOD?

Description

Time

  • Played on: May 9, 2016, 3:08 p.m.
  • Length: 20:09
Show
View Real Time Build Order
Export as new Build Order

capac Terran - Winner!

Build Orders: Reaper Expand, MMM Bio 

Get SALT Encoding   

  12  0:00  SCV  
  13  0:17  Supply Depot  
  13  0:18  SCV  
  14  0:30  SCV  
  15  0:41  Barracks  
  15  0:42  SCV  
  16  0:48  Refinery  
  16  0:54  SCV  
  17  1:06  SCV  
  18  1:18  SCV  
  19  1:31  Reaper, Orbital Command  
  20  1:43  Command Center  
  20  1:53  Supply Depot  
  20  1:57  SCV  
  21  2:04  Marine  
  22  2:09  SCV  
  23  2:16  Factory  
  23  2:21  SCV  
  24  2:23  Refinery  
  24  2:26  Marine  
  25  2:44  Marine  
  26  3:00  Orbital Command  
  26  3:02  Marine, Bunker  
  26  3:03  Factory Tech Lab  
  27  3:11  Barracks  
  27  3:14  Starport, SCV  
  27  3:15  Engineering Bay  
  28  3:21  Barracks Reactor  
  28  3:29  SCV  
  28  3:31  SCV  
  30  3:41  SCV  
  31  3:43  SCV  
  32  3:50  Refinery  
  32  3:54  Siege Tank  
  35  3:57  Medivac  
  37  4:03  Missile Turret x2  
  37  4:04  Marine  
  37  4:05  Marine  
  37  4:06  Barracks Tech Lab  
  39  4:14  SCV x2  
  41  4:22  Marine x2  
  43  4:26  SCV x2, Stimpack  
  45  4:34  Starport Reactor  
  45  4:35  Marine  
  46  4:47  SCV x2  
  48  4:58  Supply Depot  
  48  5:01  Command Center  
  47  5:27  Viking  
  47  5:28  Viking, Marine x2  
  52  5:45  SCV  
  52  5:46  SCV  
  52  5:47  Marine  
  55  5:58  SCV x2  
  52  6:31  SCV x2  
  52  6:32  Siege Tank  
  57  6:33  Marine x2, Medivac x2  
  57  6:35  Marine  
  64  6:46  Supply Depot, Orbital Command  
  64  6:48  SCV x2  
  64  6:53  Marine  
  64  6:54  Marine x2  
  69  7:08  Siege Tank  
  72  7:10  Medivac x2  
  72  7:11  Marine x2  
  78  7:16  SCV x3  
  78  7:19  Refinery  
  78  7:20  Marine  
  82  7:25  Combat Shields  
  82  7:28  Barracks x2  
  82  7:32  Marine  
  82  7:33  Marine  
  82  7:34  SCV  
  85  7:37  Missile Turret  
  85  7:40  Terran Infantry Weapons Level 1, Supply Depot  
  85  7:43  Supply Depot  
  85  8:02  SCV x3  
  85  8:03  Missile Turret  
  85  8:05  Liberator x2  
  88  8:06  Supply Depot  
  88  8:07  Supply Depot  
  88  8:14  SCV x3  
  91  8:26  Barracks Reactor  
  97  8:27  Barracks Reactor  
  97  8:31  Barracks  
  97  8:33  Missile Turret  
  97  8:39  Marine x3  
  100  8:52  Missile Turret  
  100  8:55  Missile Turret  
  100  9:19  Orbital Command  
  100  9:28  Siege Tank  
  100  9:31  Factory  
  103  9:34  Liberator  
  103  9:35  Liberator, Barracks Reactor  
  102  9:38  Starport  
  102  9:45  Marine  
  102  10:26  Marine x3  
  102  10:27  Marine x4  
  109  10:41  Factory Tech Lab  
  109  10:42  Starport Reactor  
  109  10:44  Marine x4  
  109  10:46  Marine  
  109  10:47  Marine x2  
  116  10:52  SCV  
  117  11:16  Missile Turret  
  117  11:41  Missile Turret  
  117  11:56  Starport  
  117  11:58  Supply Depot  
  117  12:01  Viking x4, Marine x2, Siege Tank x2  
  125  12:02  Marine x5  
  125  12:08  Missile Turret  
  138  12:23  Liberator  
  138  12:24  Liberator  
  138  12:36  Starport Reactor  
  138  12:42  Starport Reactor  
  93  13:43  Marine x3  
  93  13:44  Marine x4  
  93  13:47  Siege Tank x2  
  101  14:01  Marine x3  
  104  14:12  Liberator x3  
  104  14:13  Liberator x2  
  101  14:28  Siege Tank x2  
  122  14:42  Orbital Command  
  122  14:58  Marine  
  122  14:59  Marine x6, Missile Turret  
  129  15:05  Medivac  
  131  15:12  Medivac x2  
  135  15:16  Marine x3  
  135  15:17  Marine  
  139  15:24  Marine  
  139  15:25  Marine x2  
  139  15:28  Medivac x2  
  144  15:34  Marine  
  147  15:38  Supply Depot, Refinery  
  147  15:39  Supply Depot  
  147  15:56  Liberator x2  
  147  15:59  Siege Tank x2  
  153  16:06  Command Center  
  159  16:20  Refinery  
  159  16:27  Supply Depot  
  159  16:28  Supply Depot  
  159  16:29  Sensor Tower  
  159  16:31  Siege Tank  
  159  16:32  Siege Tank  
  165  16:36  Barracks  
  165  16:45  Barracks  
  165  16:50  Marine x2  
  165  16:51  Marine x4  
  149  17:54  Marine x4  
  149  17:55  Marine x5  
  155  18:12  Marine x9  
  164  18:30  Marine x9  
  173  18:47  Marine  
  173  18:48  Marine x2  
  176  19:05  Marine  
  176  19:06  Marine x7  
Show
View Real Time Build Order
Export as new Build Order

jteping Terran 

Build Orders: Hellion Opening 

Get SALT Encoding   

  12  0:01  SCV  
  13  0:13  SCV  
  14  0:18  Supply Depot  
  14  0:25  SCV  
  15  0:39  SCV  
  15  0:41  Barracks  
  16  0:46  Refinery  
  16  0:51  SCV  
  17  0:57  Supply Depot  
  17  1:03  SCV  
  18  1:09  Refinery  
  18  1:18  SCV  
  19  1:34  Orbital Command  
  19  1:35  Barracks Reactor  
  19  1:52  Factory  
  19  2:00  SCV  
  20  2:13  Supply Depot, Marine x2  
  22  2:23  SCV  
  22  2:42  SCV  
  23  2:55  Hellion x2  
  27  3:00  Starport  
  27  3:08  Barracks Reactor  
  27  3:15  SCV  
  27  3:17  Hellion x2  
  32  3:20  Supply Depot  
  32  3:31  Armory  
  32  3:40  Hellion x2  
  36  3:52  Supply Depot  
  36  3:54  SCV  
  37  3:56  Medivac x2  
  37  4:02  Hellion  
  43  4:07  SCV  
  43  4:09  Liberator x2  
  54  4:42  Command Center  
  52  4:46  Hellion  
  52  4:49  Hellion  
  54  4:57  Supply Depot  
  54  5:11  Liberator x2  
  46  5:25  Hellion  
  46  5:26  Hellion  
  54  5:45  Factory, Barracks Reactor  
  54  5:48  Barracks Tech Lab  
  54  5:51  Hellion x2  
  58  5:57  Liberator  
  58  5:58  SCV  
  59  6:11  Liberator  
  56  6:26  Hellion x2  
  63  6:35  SCV  
  64  6:47  Orbital Command  
  64  6:52  SCV  
  65  7:04  SCV  
  65  7:06  Barracks Reactor  
  66  7:16  Hellion x2  
  66  7:18  Cyclone  
  66  7:19  Liberator  
  73  7:24  SCV x2  
  73  7:29  Refinery  
  75  7:30  Refinery  
  75  7:32  Supply Depot  
  78  7:53  Widow Mine x2  
  78  7:56  Supply Depot  
  82  8:01  Hellion  
  82  8:02  SCV x2  
  86  8:10  Supply Depot  
  86  8:11  Marine x2  
  88  8:18  Medivac  
  90  8:23  SCV x2  
  92  8:27  Widow Mine x2  
  92  8:28  Supply Depot  
  92  8:30  Siege Tank  
  92  8:32  Supply Depot, Marine  
  92  8:33  Liberator  
  100  8:40  SCV x2  
  102  8:47  Marine  
  103  8:54  SCV x2  
  108  8:56  Terran Ship Weapons Level 1  
  108  9:07  Siege Tank  
  108  9:09  Widow Mine x2  
  115  9:19  Marine x2  
  117  9:55  Marine x2  
  117  9:56  Liberator  
  117  9:57  Hellion x2  
  117  9:58  Siege Tank  
  126  10:24  Hellion  
  126  10:32  Supply Depot x2  
  126  10:36  Liberator, Hellion  
  126  10:42  Command Center  
  126  10:53  Marine x2, Siege Tank  
  134  11:15  Marine x2  
  134  11:17  Hellion x2  
  140  11:37  Liberator  
  146  11:54  Siege Tank  
  141  12:04  Marine x2  
  141  12:06  Widow Mine x2  
  144  12:16  Command Center  
  144  12:28  Factory, Terran Ship Weapons Level 2  
  144  12:31  Infernal Pre-Igniter  
  144  12:33  Marine x2  
  144  12:35  Siege Tank  
  149  12:52  Hellion x2  
  140  13:32  Liberator  
  140  13:33  Liberator  
  65  13:45  Marine x2  
  65  13:47  Hellion x2  
  65  13:48  Siege Tank  
  80  14:00  Orbital Command  
  70  14:20  Marine x2  
  70  14:22  Siege Tank  
  70  14:24  Factory Tech Lab  
  75  14:25  Hellion x2  
  79  14:37  SCV x2  
  79  14:38  SCV  
  82  14:39  Factory  
  82  14:40  Factory  
  82  14:48  Medivac x2  
  82  14:56  Starport  
  82  15:01  Marine x2  
  82  15:03  Hellion x2, Siege Tank  
  82  15:04  Thor  
  97  15:07  Terran Ship Weapons Level 3  
  97  15:12  Liberator x2  
  97  15:23  SCV  
  97  15:24  SCV x2  
  100  15:34  Starport Reactor  
  106  15:37  Factory Reactor  
  106  15:39  Factory Reactor  
  106  15:42  Marine  
  106  15:44  Supply Depot  
  106  15:46  Hellion x2  
  111  15:51  Refinery  
  111  15:52  Refinery  
  111  15:53  Siege Tank  
  114  16:03  Marine x2  
  116  16:08  Hellion x2  
  120  16:13  SCV x2  
  122  16:20  Widow Mine x2  
  122  16:22  Hellion x2  
  130  16:28  Hellion x2  
  130  16:29  Marine x2  
  130  16:32  Medivac x2  
  140  16:52  Widow Mine x2  
  140  16:53  Widow Mine x2, Hellion x2  
  148  16:55  Siege Tank  
  155  17:01  Refinery  
  155  17:02  Orbital Command  
  155  17:03  Refinery  
  84  17:56  Widow Mine x2, Hellion x2  
  84  17:57  Hellion  
  84  17:58  Thor x2  
  77  18:01  Viking x3  
  77  18:02  Viking  
  97  18:06  SCV  
  97  18:07  SCV x2  
  100  18:17  Liberator x2  
  100  18:18  Liberator  
  100  18:26  Widow Mine, Hellion x2  
  106  18:28  Hellion  
  106  18:29  Widow Mine, Hellion  
  121  18:47  Marine x2  
  123  18:49  Thor  
  93  19:33  Marine x2  
  93  19:34  Widow Mine, Hellion  
  84  19:51  Marine x2  
Tags
 
Add a new tag
Caveats
  • Supply blocks, unpowered buildings, or Contaminate may cause inaccurate times.
  • Supply counts are checked every 10 seconds.